 Dungeon Crawl Stone Soup version bcrawl-1.33-1-ga1336d5a09 (webtiles) character file.

Game seed: 4759718358706940073

332231 KristoblXynda the Carver (level 11, -10/99 HPs)
             Began as a White Draconian Gladiator on Aug 18, 2021.
             Was a Follower of Ashenzari.
             Mangled by a slime creature (14 damage)
             ... on level 9 of the Dungeon.
             The game lasted 00:16:06 (9924 turns).

KristoblXynda the Carver (DrGl)                     Turns: 9924, Time: 00:16:06

Health: -10/99     AC: 10    Str: 24    XL:     11   Next: 6%
Magic:  11/11      EV: 15    Int: 11    God:    Ashenzari [*.....]
Gold:   659        SH:  3    Dex: 10    Spells: 6/10 levels left

rFire    . . .     SeeInvis .   u - +9 dagger of Lies {flame, +Blink Str+8 Dex-4 Stlth+} (curse)
rCold    + . .     Gourm    .   (no shield)
rNeg     . . .     Faith    .   (armour unavailable)
rPois    .         Spirit   .   b - +1 hat
rElec    .         Reflect  +   (no cloak)
rCorr    .         Harm     .   v - +1 pair of gloves
MR       .....                  (no boots)
Stlth    ++........             y - +3 amulet of reflection
HPRegen  0.26/turn              (no ring)
MPRegen  0.12/turn              (no ring)

@: slowed, very slow
A: breathe frost, unfitting armour, cold resistance 1, cold-blooded, AC +7
a: Breathe Frost, Curse Item, Scrying, Renounce Religion, Evoke Blink


You were on level 9 of the Dungeon.
You worshipped Ashenzari.
Ashenzari was aware of your devotion.
You were not hungry.

You visited 2 branches of the dungeon, and saw 10 of its levels.

You collected 674 gold pieces.
You spent 15 gold pieces at shops.

Inventory:

Hand Weapons
 k - a +4 scimitar
 u - the cursed +9 dagger of Lies (weapon) {flame, +Blink Str+8 Dex-4 Stlth+}
   (You found it on level 4 of the Dungeon)

   It has been specially enchanted to surge with flame as it hits, increasing
   damage dealt by approximately one third against foes not resistant or
   susceptible to fire.
   It affects your strength (+8).
   It affects your dexterity (-4).
   It lets you blink.
   It makes you more stealthy.
   It has a curse placed upon it.
Missiles
 c - 3 throwing nets {=f}
 j - 136 javelins (quivered)
 t - 142 steel javelins
Armour
 b - a +1 hat (worn)
 v - a +1 pair of gloves (worn)
 F - a +0 medium shield of positive energy
Jewellery
 r - the ring of Zoony {Int+4 Stlth--}
   (You found it on level 4 of the Dungeon)

   [ring of attention]

   It affects your intelligence (+4).
   It makes you much less stealthy.
 y - a +3 amulet of reflection (around neck)
Wands
 E - a wand of disintegration (14)
Scrolls
 f - 2 scrolls of remove curse
 g - 3 scrolls of teleportation
 m - 2 scrolls of immolation {unknown}
 n - 2 scrolls of enchant armour
 o - a scroll of blinking {unknown}
 s - 2 scrolls of fog
 w - a scroll of magic mapping
Potions
 a - a potion of berserk rage {unknown}
 d - 3 potions of heal wounds
 h - a potion of curing
 p - a potion of mutation {unknown}
 q - a potion of flight {unknown}
 x - 2 potions of invisibility
 z - a potion of resistance {unknown}
 A - a potion of might
 B - 2 potions of haste
 C - a potion of agility {unknown}
 D - a potion of magic
Comestibles
 e - 19 rations {!d}


   Skills:
 + Level 10.0 Fighting
 + Level 10.0 Long Blades
 + Level 7.2 Throwing
 + Level 8.4 Dodging


You had 6 spell levels left.
You knew the following spells:

 Your Spells              Type           Power        Failure   Level  Hunger
a - Petrify               Tmut/Erth      #.........   98%         4    ######.

Your spell library contained the following spells:

 Spells                   Type           Power        Failure   Level  Hunger
 Apportation              Tloc           #.....       34%         1    None
 Magic Dart               Conj           #...         34%         1    None
 Summon Butterflies       Summ           #.......     34%         1    None
 Blink                    Tloc           N/A          47%         2    ####...
 Call Imp                 Summ           #.....       47%         2    ####...
 Beckoning                Tloc           #.........   71%         3    #####..
 Confuse                  Hex            #.......     71%         3    #####..
 Conjure Flame            Conj/Fire      #.......     71%         3    #####..
 Dazzling Orbs            Conj/Hex       #......      71%         3    #####..
 Mephitic Cloud           Conj/Pois/Air  #.......     71%         3    #####..
 Spider Form              Tmut/Pois      #..          71%         3    #####..
 Tukima's Dance           Hex            #.......     71%         3    #####..
 Tree Form                Hex/Tmut       N/A          98%         4    ######.
 Yara's Violent Unravell  Hex/Tmut       #.........   98%         4    ######.
 Metabolic Englaciation   Hex/Ice        #.........   100%        5    #######
 Invisibility             Hex            #.......     100%        6    #######
 Statue Form              Tmut/Erth      #........    100%        6    #######
 Dragon Form              Tmut           #......      100%        7    #######
 Mana Rupture             Conj/Hex       #.........   100%        7    #######
 Necromutation            Tmut/Necr      #.......     100%        8    #######


Dungeon Overview and Level Annotations

Branches:
Dungeon (9/12)             Temple (1/1) D:6             Orc (0/1) D:8
   Lair: D:7-9

Altars:
Ashenzari
Cheibriados
Dithmenos
Elyvilon
Fedhas
Gozag
Hepliaklqana
Kikubaaqudgha
Lugonu
Makhleb
Nemelex Xobeh
Okawaru
Qazlal
Ru
Sif Muna
Trog
Uskayaw
Vehumet
Wu Jian
Xom
Yredelemnul
Zin
The Shining One
Beogh
Jiyva

Shops:
D:5 !!

Annotations:
D:9 3 runed translucent doors, izumii3's ghost, novice NaSk


Innate Abilities, Weirdness & Mutations

You can breathe waves of freezing cold.
You can buffet flying creatures when you breathe cold.
Your icy white scales are hard. (AC +7)
You cannot fit into any form of body armour.
Your flesh is cold resistant. (rC+)
You are cold-blooded and may be slowed by cold attacks.


Message History

The very large slime creature barely misses you.
The slime creature hits you.
* * * LOW HITPOINT WARNING * * *
Your Fighting skill increases to level 10!
Your Long Blades skill increases to level 10!
You have reached level 11!
No path to travel!
As you read the scroll of fear, it crumbles to dust.
You assume a fearsome visage.
The slime creature resists with some effort.
The very large slime creature looks frightened!
The slime creature looks frightened!
The slime creature closely misses you.
No path to travel!
The slime creature hits you but does no damage.
The slime creature hits you!
* * * LOW HITPOINT WARNING * * *
You block the slime creature's attack. The slime creature barely misses you.
The slime creature hits you!
You die...

..##.........................#
###..........................#
...........#............######
..........##.#.#.#.#.####
..........##.........#
..........##.#.#.#.#.#
.....................#
.............#.#.#.#.#
................@J...#
.............#.#.#J#.#
.....................#
.†..).P..P....#..#...###
..JJPP..PP....#.####)..#####
......P...P#.................
.......P..PP.................
P..#+##.P.P...............#.#
..P# #..P.P.....JJ..........


You could see 2 slime creatures.

Vanquished Creatures
  An ogre mage (D:9)
  A tengu warrior (D:9)
  An ugly thing (D:8)
  A kobold demonologist (D:8)
  3 trolls
  Sigmund (D:3)
  A shadow (D:6)
  3 hungry ghosts
  2 steam dragons (D:7)
  A crocodile (D:9)
  A water moccasin (D:7)
  A porcupine (D:9)
  4 sky beasts
  A black bear (D:9)
  A necrophage (D:9)
  4 orc warriors
  A phantom (D:6)
  2 ice beasts
  5 ogres
  An eye of draining (D:8)
  3 centaurs
  4 bullfrogs
  2 big kobolds (D:4)
  2 wyvern zombies
  A scorpion (D:7)
  A water moccasin skeleton (D:8)
  8 wights
  A howler monkey (D:9)
  2 crimson imps
  2 bullfrog zombies
  A quasit (D:6)
  8 orc priests
  5 hounds
  A centaur skeleton (D:9)
  A jelly (D:6)
  2 bullfrog skeletons
  Jessica (D:3)
  3 iguanas
  3 orc wizards
  7 worker ants
  A hound zombie (D:4)
  A hound skeleton (D:4)
  2 worker ant zombies (D:4)
  7 gnolls
  A howler monkey skeleton (D:9)
  12 adders
  2 shadow imps
  An ooze (D:1)
  2 adder zombies
  3 worms
  An adder skeleton (D:5)
  3 dart slugs
  6 leopard geckos
  35 orcs
  A ball python (D:1)
  2 giant cockroaches (D:3)
  12 goblins
  17 hobgoblins
  17 jackals
  5 quokkas
  10 bats
  5 frilled lizards
  A goblin zombie (D:6)
  3 hobgoblin zombies (D:6)
  A jackal skeleton (D:3)
  20 kobolds
  A kobold skeleton (D:6)
  4 kobold zombies (D:6)
  2 orc skeletons (D:6)
  A quokka zombie (D:4)
  3 rats
276 creatures vanquished.

Vanquished Creatures (others)
  6 fungi (D:9)
  4 plants (D:9)
10 creatures vanquished.

Grand Total: 286 creatures vanquished

Notes
Turn   | Place    | Note
-------+----------+-------------------------------------------
     0 | D:1      | KristoblXynda the Draconian Gladiator began the quest for
                  | the Orb.
     0 | D:1      | Reached XP level 1. HP: 19/19 MP: 1/1
    72 | D:1      | Reached XP level 2. HP: 7/26 MP: 2/2
   627 | D:1      | Reached XP level 3. HP: 31/31 MP: 3/3
  1403 | D:2      | Noticed a +0 hand axe
  1405 | D:2      | Noticed a +0 dagger
  1406 | D:2      | Found a hide-covered altar of Uskayaw.
  1777 | D:2      | Found a stormy altar of Qazlal.
  1981 | D:3      | Noticed Sigmund
  2219 | D:3      | Reached XP level 4. HP: 40/40 MP: 4/4
  2312 | D:3      | Noticed Jessica
  2343 | D:3      | Killed Jessica
  2524 | D:3      | Reached XP level 5. HP: 46/46 MP: 5/5
  2765 | D:3      | Killed Sigmund
  2766 | D:3      | Reached skill level 5 in Long Blades
  2766 | D:3      | Reached XP level 6. HP: 42/55 MP: 6/6
  3077 | D:4      | Got an ancient bone ring
  3080 | D:4      | Identified the ring of Zoony {Int+4 Stlth--} (You found it
                  | on level 4 of the Dungeon)
  3285 | D:4      | Reached skill level 5 in Fighting
  3392 | D:4      | Found a snail-covered altar of Cheibriados.
  3452 | D:4      | Your scales start taking on an icy white colour.
  3452 | D:4      | Reached XP level 7. HP: 57/61 MP: 7/7
  3452 | D:4      | Gained mutation: Your flesh is cold resistant. (rC+) [White
                  | Draconian growth]
  3776 | D:4      | Got an ichor-stained dagger
  3777 | D:4      | Identified the +9 dagger of Lies {flame, +Blink Str+8 Dex-4
                  | Stlth+} (You found it on level 4 of the Dungeon)
  3829 | D:4      | Found a shimmering altar of Xom.
  3829 | D:4      | Found a burning altar of Makhleb.
  4093 | D:5      | Entered Level 5 of the Dungeon
  4123 | D:5      | Found a bloodstained altar of Trog.
  4378 | D:5      | Reached skill level 5 in Dodging
  4378 | D:5      | Reached XP level 8. HP: 64/70 MP: 8/8
  4410 | D:5      | Found Huoseuwa's Distillery.
  4416 | D:5      | Bought a potion of degeneration for 15 gold pieces
  4609 | D:5      | Found Leihomug's Distillery.
  5614 | D:6      | Reached XP level 9. HP: 42/79 MP: 9/9
  5762 | D:6      | Found an opulent altar of Gozag.
  5994 | D:6      | Found a staircase to the Ecumenical Temple.
  6026 | Temple   | Entered the Ecumenical Temple
  6064 | Temple   | Became a worshipper of Ashenzari the Shackled
  6408 | D:6      | Found a glowing golden altar of the Shining One.
  6500 | D:6      | Found an iron altar of Okawaru.
  6733 | D:6      | Reached skill level 5 in Throwing
  7303 | D:7      | Noticed a troll
  7314 | D:7      | Killed a troll
  7892 | D:7      | Learned a level 4 spell: Petrify
  7921 | D:7      | Reached XP level 10. HP: 87/90 MP: 10/10
  8051 | D:7      | Found a glowing golden altar of the Shining One.
  8054 | D:7      | Noticed an angel
  8071 | D:7      | Found a basalt altar of Yredelemnul.
  8074 | D:7      | Noticed a profane servitor
  8519 | D:8      | Found a staircase to the Orcish Mines.
  8567 | D:8      | Noticed a purple ugly thing
  8583 | D:8      | Killed a purple ugly thing
  8754 | D:8      | Found a sparkling altar of Nemelex Xobeh.
  9008 | D:8      | Found a roughly hewn altar of Beogh.
  9276 | D:8      | Reached * piety under Ashenzari
  9483 | D:8      | Found a sacrificial altar of Ru.
  9536 | D:9      | Found a sacrificial altar of Ru.
  9558 | D:9      | Noticed a tengu warrior
  9579 | D:9      | HP: 3/90 [tengu warrior/+0 long sword (18)]
  9579 | D:9      | HP: 1/90 [tengu warrior/+0 long sword (2)]
  9595 | D:9      | Killed a tengu warrior
  9848 | D:9      | Found a runed translucent gate.
  9848 | D:9      | Found a runed translucent gate.
  9848 | D:9      | Found a runed translucent gate.
  9850 | D:9      | Found a viscous altar of Jiyva.
  9850 | D:9      | Noticed izumii3's ghost (novice NaSk)
  9898 | D:9      | Identified the ring "Lyol" {Ice rPois SInv Stlth-}
  9898 | D:9      | Noticed an ogre mage
  9917 | D:9      | Killed an ogre mage
  9918 | D:9      | Reached skill level 10 in Fighting
  9918 | D:9      | Reached skill level 10 in Long Blades
  9918 | D:9      | Reached XP level 11. HP: 17/99 MP: 11/11
  9920 | D:9      | HP: 2/99 [slime creature (16)]
  9924 | D:9      | Mangled by a slime creature

Skill      XL: |  1  2  3  4  5  6  7  8  9 10 |
---------------+-------------------------------+-----
Throwing       | 2 4 5 7 |  7.2
Dodging        | 3 4 5 6 7 8 |  8.4
Fighting       | 4 5 6 7 8 10 | 10.0
Long Blades    | 4 5 6 7 8 10 | 10.0

Action                   |  1- 3 |  4- 6 |  7- 9 | 10-12 || total
-------------------------+-------+-------+-------+-------++-------
Melee: Long sword        |   152 |   166 |    37 |       ||   355
       Tailslap          |    17 |    29 |    56 |    28 ||   130
       Dagger            |       |       |   399 |   189 ||   588
Throw: Javelin           |       |     5 |     3 |    35 ||    43
       Throwing net      |       |     1 |       |       ||     1
Invok: Curse Item        |       |       |     1 |       ||     1
 Abil: Breathe Frost     |       |       |       |     3 ||     3
  Use: Scroll            |     1 |     1 |     6 |     5 ||    13
       Potion            |       |     1 |       |     4 ||     5
 Stab: Held in net/web   |       |     2 |       |       ||     2
       Sleeping          |       |     1 |    10 |     1 ||    12
       Distracted        |       |       |     2 |       ||     2
  Eat: Chunk             |     8 |     8 |    19 |    10 ||    45
       Ration            |       |       |     2 |     1 ||     3
Armor: Skin              |    68 |    52 |    95 |    56 ||   271
Dodge: Dodged            |   147 |   135 |   204 |   144 ||   630
Block: Other             |     3 |     5 |    30 |    20 ||    58
       Reflection        |       |       |     1 |       ||     1
